 Dungeon Crawl Stone Soup version 0.26.1-11-gd32895ea62 (webtiles) character file.

Game seed: 9419632522293468719

13693 Almogavar the Severer (level 12, -6/104 HPs)
             Began as a Hill Orc Fighter on Apr 28, 2021.
             Was an Elder of Makhleb.
             Mangled by Urug
             ... wielding a +4 demon trident of electrocution
              (11 damage)
             ... on level 12 of the Dungeon.
             The game lasted 00:27:44 (11088 turns).

Almogavar the Severer (Hill Orc Fighter)           Turns: 11088, Time: 00:27:45

Health: -6/104     AC: 18    Str: 24    XL:     12   Next: 8%
Magic:  12/12      EV:  8    Int:  8    God:    Makhleb [****..]
Gold:   825        SH: 12    Dex: 10    Spells: 11/11 levels left

rFire    . . .     SeeInvis .   a - +0 war axe
rCold    . . .     Faith    .   c - +0 kite shield
rNeg     . . .     Spirit   .   j - +0 chain mail
rPois    +         Reflect  .   F - +1 hat
rElec    .         Harm     .   V - +1 cloak {Stlth+}
rCorr    .         Rampage  .   b - +1 pair of gloves
Will     .....                  Q - +0 pair of boots
Stlth    ..........             L - amulet of the acrobat
HPRegen  0.27/turn              H - +4 ring of slaying
MPRegen  0.13/turn              I - ring of poison resistance

@: mighty
A: no striking features
a: Renounce Religion, Minor Destruction, Lesser Servant of Makhleb, Major
Destruction


You were on level 12 of the Dungeon.
You worshipped Makhleb.
Makhleb was greatly pleased with you.
You visited 2 branches of the dungeon, and saw 13 of its levels.

You collected 825 gold pieces.

Inventory:

Hand Weapons
 a - a +0 war axe (weapon)
 K - a +2 whip of flaming
Missiles
 t - 12 boomerangs
 u - 13 curare-tipped darts
 G - 13 javelins
 T - 11 poisoned darts (quivered)
Armour
 b - a +1 pair of gloves (worn)
 c - a +0 kite shield (worn)
 j - a +0 chain mail (worn)
 F - a +1 hat (worn)
 P - a +0 plate armour
 Q - a +0 pair of boots (worn)
 V - a +1 cloak of stealth (worn)
Jewellery
 f - an uncursed ring of magical power
 k - an uncursed amulet of reflection
 C - an uncursed ring of fire
 H - a +4 ring of slaying (left hand)
 I - a ring of poison resistance (right hand)
 L - an amulet of the acrobat (around neck)
Wands
 y - a wand of flame (56)
 M - a wand of acid (17)
 X - a wand of random effects (16)
Scrolls
 e - 3 scrolls of fear
 g - 6 scrolls of remove curse
 h - 2 scrolls of magic mapping
 n - 4 scrolls of enchant weapon
 p - a scroll of brand weapon
 s - 2 scrolls of blinking
 v - a scroll of noise {unknown}
 w - 4 scrolls of amnesia {unknown}
 x - 7 scrolls of teleportation {unknown}
 D - 4 scrolls of fog {unknown}
 J - 2 scrolls of enchant armour {unknown}
 R - 2 scrolls of random uselessness {unknown}
 S - a scroll of vulnerability {unknown}
 U - a scroll of immolation {unknown}
Potions
 i - 11 potions of curing
 l - a potion of invisibility
 m - a potion of heal wounds
 q - 8 potions of ambrosia {unknown}
 r - a potion of degeneration {unknown}
 z - 2 potions of lignification {unknown}
 A - a potion of magic {unknown}
 B - 3 potions of attraction {unknown}
 E - 4 potions of flight {unknown}
 N - 2 potions of haste {unknown}
 O - 2 potions of cancellation {unknown}
 W - a potion of brilliance
Miscellaneous
 Y - a box of beasts


   Skills:
 + Level 9.2 Fighting
 + Level 15.1 Axes
 + Level 4.3 Throwing
 + Level 8.5 Armour
 + Level 3.1 Dodging
 + Level 10.4 Shields


You had 11 spell levels left.
You didn't know any spells.
Your spell library was empty.

Dungeon Overview and Level Annotations

Branches:
Dungeon (12/15)            Temple (1/1) D:4            Lair (0/6) D:10
    Orc: D:9-12

Altars:
Cheibriados
Dithmenos
Elyvilon
Fedhas
Hepliaklqana
Makhleb
Okawaru
Qazlal
Trog
Uskayaw
Vehumet
Wu Jian
Yredelemnul

Shops:
D:7 :*

Annotations:
D:12 Urug


Message History

You hit Urug but do no damage.
Urug is lightly wounded.
Urug hits you but does no damage.
You feel very mighty all of a sudden.
Urug hits you with a +4 demon trident of electrocution!
* * * LOW HITPOINT WARNING * * *
You barely miss Urug.
Urug is lightly wounded.
You slash Urug!
Urug is moderately wounded.
Urug hits you with a +4 demon trident of electrocution!
* * * LOW HITPOINT WARNING * * *
You feel much better.
Urug hits you with a +4 demon trident of electrocution!!
* * * LOW HITPOINT WARNING * * *
You feel much better.
Urug hits you with a +4 demon trident of electrocution!
* * * LOW HITPOINT WARNING * * *
You are electrocuted!
You die...

...... #....#
#....# #....#
#....# +....#
######....###
..(..(o@.<.(#
####(......$...#
#...........#
#...........#
#...........#
#....#####....
#....# ....
#....# .##


You could see Urug.

Vanquished Creatures
  Gastronok (D:8)
  2 two-headed ogres
  The ghost of mandor the Chiller, a novice DsIE of Sif Muna (D:7)
  Pikel (D:6)
  Joseph (D:8)
  Maurice (D:9)
  A troll (D:9)
  A queen bee (D:10)
  A shadow (D:11)
  A wraith (D:11)
  Sigmund (D:5)
  14 yaks
  2 basilisks (D:10)
  A water moccasin (D:10)
  3 ice beasts
  3 sky beasts
  3 orc warriors
  A necrophage (D:10)
  3 black bears (D:10)
  3 phantoms
  7 ogres
  3 wolves (D:10)
  2 centaurs
  A big kobold (D:7)
  3 lemures (D:6)
  5 bullfrogs
  4 scorpions
  A wyvern skeleton (D:8)
  19 killer bees (D:10)
  9 wights
  4 howler monkeys
  An electric eel (D:11)
  2 jellies
  3 bullfrog zombies
  2 centaur skeletons
  6 orc priests
  Crazy Yiuf (D:5)
  6 hounds
  9 orc wizards
  5 worker ants
  7 iguanas
  2 hound zombies
  A hound skeleton (D:7)
  A worker ant zombie (D:5)
  6 adders
  2 shadow imps
  A white imp (D:7)
  2 ufetubi
  An ooze (D:2)
  2 worms (D:2)
  12 dart slugs
  5 leopard geckos
  37 orcs
  2 giant cockroaches
  2 goblins
  5 hobgoblins
  12 jackals
  A quokka (D:9)
  2 ball pythons
  7 bats
  6 frilled lizards
  10 kobolds
  A quokka zombie (D:6)
  11 rats
276 creatures vanquished.

Vanquished Creatures (others)
  An orc wizard (D:3)
  A kobold (D:3)
  7 fungi
  3 plants (D:10)
12 creatures vanquished.

Grand Total: 288 creatures vanquished

Notes
Turn   | Place    | Note
-------+----------+-------------------------------------------
     0 | D:1      | Almogavar the Hill Orc Fighter began the quest for the Orb.
     0 | D:1      | Reached XP level 1. HP: 19/19 MP: 1/1
   115 | D:1      | You fall into a shaft and drop 1 floor!
   134 | D:2      | Reached XP level 2. HP: 26/27 MP: 2/2
   227 | D:2      | Reached skill level 3 in Axes
   559 | D:1      | Reached XP level 3. HP: 33/33 MP: 3/3
  1957 | D:3      | Reached XP level 4. HP: 40/40 MP: 4/4
  2028 | D:3      | Reached skill level 4 in Axes
  2531 | D:4      | Found a staircase to the Ecumenical Temple.
  2537 | D:4      | Reached XP level 5. HP: 46/46 MP: 5/5
  2556 | Temple   | Entered the Ecumenical Temple
  2565 | Temple   | Became a worshipper of Makhleb the Destroyer
  2718 | D:4      | Reached skill level 5 in Axes
  2846 | D:4      | Noticed an ogre
  2852 | D:4      | Killed an ogre
  2853 | D:4      | Reached skill level 6 in Axes
  2853 | D:4      | Reached XP level 6. HP: 39/53 MP: 6/6
  3220 | D:4      | Found an iron altar of Okawaru.
  3284 | D:5      | Entered Level 5 of the Dungeon
  3285 | D:5      | Noticed Sigmund
  3458 | D:5      | Killed Sigmund
  3459 | D:5      | Reached XP level 7. HP: 25/60 MP: 7/7
  3733 | D:5      | Reached skill level 7 in Axes
  3812 | D:5      | Reached skill level 1 in Throwing
  3821 | D:5      | Reached skill level 1 in Dodging
  3821 | D:5      | Reached skill level 5 in Shields
  3828 | D:5      | You fall into a shaft and drop 3 floors!
  3832 | D:8      | Reached * piety under Makhleb
  3849 | D:8      | Reached skill level 5 in Fighting
  4000 | D:8      | Noticed Gastronok
  4012 | D:8      | Reached skill level 8 in Axes
  4027 | D:8      | Killed Gastronok
  4028 | D:8      | Reached skill level 11 in Axes
  4028 | D:8      | Reached skill level 5 in Armour
  4028 | D:8      | Reached XP level 8. HP: 24/70 MP: 8/8
  4028 | D:8      | Reached XP level 9. HP: 26/75 MP: 9/9
  4257 | D:7      | Found Giclufic's Book Emporium.
  4273 | D:7      | Found Bairosus's Assorted Antiques.
  4274 | D:7      | Noticed mandor's ghost (novice DsIE)
  4394 | D:7      | Found a runed translucent door.
  4755 | D:6      | Reached ** piety under Makhleb
  4837 | D:6      | Noticed Pikel
  4864 | D:6      | Killed Pikel
  4865 | D:6      | Reached skill level 12 in Axes
  4865 | D:6      | Reached XP level 10. HP: 76/84 MP: 10/10
  5567 | D:5      | Found a runed translucent door.
  5568 | D:5      | Noticed Crazy Yiuf
  5576 | D:5      | Killed Crazy Yiuf
  6832 | D:7      | Killed mandor's ghost
  6833 | D:7      | Reached skill level 13 in Axes
  7217 | D:8      | Reached *** piety under Makhleb
  7368 | D:8      | Reached XP level 11. HP: 91/94 MP: 11/11
  7520 | D:8      | Noticed Joseph
  7536 | D:8      | Killed Joseph
  7705 | D:9      | Noticed Maurice
  7726 | D:9      | Killed Maurice
  8256 | D:9      | Noticed a two-headed ogre
  8280 | D:9      | Killed a two-headed ogre
  8281 | D:9      | Reached skill level 14 in Axes
  8920 | D:10     | Entered Level 10 of the Dungeon
  9027 | D:10     | Reached **** piety under Makhleb
  9096 | D:10     | Found a staircase to the Lair.
  9504 | D:10     | Reached skill level 10 in Shields
 10049 | D:11     | Noticed a two-headed ogre
 10065 | D:11     | Killed a two-headed ogre
 10099 | D:11     | Noticed a two-headed ogre
 10240 | D:11     | Reached XP level 12. HP: 101/104 MP: 12/12
 10241 | D:11     | Reached skill level 15 in Axes
 10283 | D:11     | Reached ***** piety under Makhleb
 11061 | D:12     | Noticed Urug
 11087 | D:12     | HP: 4/104 [Urug/+4 demon trident of electrocution (26)]
 11088 | D:12     | Mangled by Urug

Illustrated notes

Levels and vault maps discovered:
D:1:      tarquinn_simple_flora_water_a, layout_loops_cross, minmay_pentomino_o2
D:2:      layout_basic
D:3:      layout_basic, kennysheep_generic_room_15
D:4:      kennysheep_slugbush, layout_cave_pools, general_overflow_altar,
          minmay_temple_entry_butterflies, serial_column_ruins,
          column_ruins_hut, column_ruins_corridor_corner,
          column_ruins_columns_straight, column_ruins_open_tiny,
          column_ruins_corridor_dead_end, column_ruins_columns_corner,
          saegor_snake_ambush
D:5:      layout_loops_cross, uniq_crazy_yiuf_cottage, uniq_sigmund
D:6:      layout_basic, uniq_pikel
D:7:      layout_basic, hellmonk_ghost_happy_afterlife, serial_shops,
          nicolae_shop_trees, shop
D:8:      layout_cave_pools, serial_column_ruins, column_ruins_open_small_water,
          column_ruins_open_small, column_ruins_grid_1, column_ruins_open_small,
          column_ruins_open_tiny_water, column_ruins_open_small,
          column_ruins_columns_straight, uniq_joseph, uniq_gastronok
D:9:      layout_basic, uniq_maurice
D:10:     layout_long_grid, minmay_lair_entry_grove, special_room
          [special_room_bee]
D:11:     layout_rooms, nicolae_lava_and_water, minivault_1
D:12:     layout_irregular_city, erik_orc_2, serial_co_window_serial,
          co_window_corner_a, co_window_of_opportunity_a,
          co_window_of_opportunity_a, co_window_paths_a, co_window_paths_b,
          co_window_broadway_c, co_window_of_opportunity_c, co_window_paths_c,
          co_window_2corner, co_window_of_opportunity_c,
          co_window_of_opportunity_c, glass_columns_a,
          portal_ice_cave_entry_ice_beasts, lemuel_flamethrower_3, uniq_urug,
          uniq_sonja
Temple:   compressed_dpeg_triangle_lava_temple

Skill      XL: |  1  2  3  4  5  6  7  8  9 10 11 12 |
---------------+-------------------------------------+-----
Fighting       | 4 5 6 7 9 |  9.2
Axes           | 3 4 6 11 12 13 14 15 | 15.1
Shields        | 4 7 8 9 10 | 10.4
Armour         | 4 5 6 8 |  8.5
Throwing       | 2 3 4 |  4.3
Dodging        | 1 2 3 |  3.1

Action                   |  1- 3 |  4- 6 |  7- 9 | 10-12 || total
-------------------------+-------+-------+-------+-------++-------
Melee: War axe           |   102 |   141 |   191 |   615 ||  1049
Throw: Boomerang         |       |    13 |     7 |    20 ||    40
       Dart              |       |       |    13 |    60 ||    73
  Use: Scroll            |     4 |     4 |       |     3 ||    11
       Potion            |       |       |     1 |     3 ||     4
 Stab: Distracted        |       |       |       |     1 ||     1
Armor: Scale mail        |    36 |       |       |       ||    36
       Chain mail        |     1 |    35 |    81 |   298 ||   415
Dodge: Dodged            |    37 |    13 |    31 |   174 ||   255
Block: Kite shield       |    65 |    90 |   145 |   328 ||   628
       Reflection        |     2 |     5 |     1 |       ||     8
